 Dungeon Crawl Stone Soup version 0.29.1-2-gbd0b4ee654 (webtiles) character file.

Game seed: 1328295398786772100

158 GorkyZ the Charlatan (level 5, -1/49 HPs)
             Began as a Troll Artificer on Nov 18, 2022.
             Slain by a quokka (2 damage)
             ... on level 4 of the Dungeon.
             The game lasted 00:08:54 (2173 turns).

GorkyZ the Charlatan (Troll Artificer)              Turns: 2173, Time: 00:08:54

Health: -1/49      AC:  4    Str: 20    XL:     5   Next: 16%
Magic:  4/4        EV: 11    Int:  7    God:
Gold:   160        SH:  5    Dex: 18    Spells: 4/4 levels left

rFire   . . .      SeeInvis .   l - +0 flail
rCold   . . .      Faith    .   (no shield)
rNeg    . . .      Spirit   .   b - +0 robe
rPois   .          Reflect  +   (helmet restricted)
rElec   .          Harm     .   (no cloak)
rCorr   .          Rampage  .   (gloves unavailable)
Will    .....                   (boots unavailable)
Stlth   ++........              j - amulet of reflection
HPRegen 0.96/turn               t - +6 ring of dexterity
MPRegen 0.09/turn               (no ring)

@: no status effects
A: large, unfitting armour, claws 3, regeneration 1, shaggy fur 1, tough skin 1
a: no special abilities


You were on level 4 of the Dungeon.
You visited 1 branch of the dungeon, and saw 4 of its levels.

You collected 160 gold pieces.

Inventory:

Hand Weapons
 a - a +0 club
 l - a +0 flail (weapon)
Missiles
 r - 4 silver javelins
Armour
 b - a +0 robe (worn)
Jewellery
 j - an amulet of reflection (around neck)
 t - a +6 ring of dexterity (left claw)
 w - a +6 ring of dexterity
Wands
 c - a wand of flame (15) (quivered)
 d - a wand of charming (15)
 e - a wand of iceblast (17)
Scrolls
 g - 2 scrolls of teleportation {unknown}
 h - a scroll of immolation {unknown}
 i - a scroll of blinking {unknown}
 n - a scroll of enchant weapon {unknown}
 p - 2 scrolls of fear {unknown}
 s - a scroll of enchant armour {unknown}
 v - a scroll of vulnerability {unknown}
 x - 2 scrolls of fog {unknown}
Potions
 f - 2 potions of curing {unknown}
 k - a potion of magic {unknown}
 m - 2 potions of haste {unknown}
 o - a potion of heal wounds {unknown}
 q - a potion of resistance {unknown}
 u - a potion of attraction {unknown}


   Skills:
 + Level 2.0 Fighting
 + Level 1.3 Maces & Flails
 + Level 0.9 Throwing
 + Level 2.7 Dodging
 - Level 0.8 Stealth
 + Level 2.9 Evocations


You had 4 spell levels left.
You didn't know any spells.
Your spell library was empty.

Dungeon Overview and Level Annotations

Branches:
Dungeon (4/15)
 Temple: D:4-7

Altars:
Qazlal
Uskayaw
Yredelemnul

Shops:
D:2 (


Innate Abilities, Weirdness & Mutations

You are too large for most types of armour.
You have claws for hands.
Your natural rate of healing is unusually fast.
You are covered in fur. (AC +1)
You have tough skin. (AC +1)


Message History

The quokka bites you. The orc hits you but does no damage.
The orc priest hits you with a +0 mace. The dart slug closely misses you.
You hit the orc priest.
The orc priest is moderately wounded.
The quokka bites you but does no damage.
The orc hits you but does no damage. The orc priest hits you with a +0 mace.
The quokka bites you but does no damage.
The dart slug launches a dart at you. The slug dart hits you.
* * * LOW HITPOINT WARNING * * *
The orc priest hits you but does no damage.
The orc hits you but does no damage.
You closely miss the orc priest.
The orc priest is moderately wounded.
The quokka completely misses you. The dart slug bites you.
* * * LOW HITPOINT WARNING * * *
You block the orc priest's attack. You block the quokka's attack.
You closely miss the orc priest.
The orc priest is moderately wounded.
The quokka barely misses you. The orc barely misses you.
You block the orc priest's attack. You block the orc's attack.
The dart slug closely misses you.
You closely miss the orc priest.
The orc priest is moderately wounded.
You block the quokka's attack. The orc hits you but does no damage.
The orc priest hits you with a +0 mace.
* * * LOW HITPOINT WARNING * * *
You block the orc's attack. The quokka barely misses you.
The dart slug barely misses you. The orc priest hits you with a +0 mace.
* * * LOW HITPOINT WARNING * * *
The orc hits you but does no damage. You block the orc's attack.
You sock the orc priest!
The orc priest is severely wounded.
The quokka bites you but does no damage.
You block the orc's attack. The orc priest hits you with a +0 mace.
* * * LOW HITPOINT WARNING * * *
You block the orc's attack. The dart slug bites you.
* * * LOW HITPOINT WARNING * * *
The quokka bites you.
You die...

#....#..... ####
#......# .#.....
../##.....###.#.....
.......<............
###.###.............
#.##.#...###.#
#.##.#.#..#
##...oo$#>.#
#....@o....#
##...rw.#.....
##...<.#.....
#........###.
.........##
..##......# ##.
##...... # ##......


You could see an orc priest, a dart slug, 2 orcs and a quokka.

Vanquished Creatures
  Natasha (D:3)
  5 adders
  3 worms
  5 dart slugs
  7 orcs
  7 endoplasms
  2 giant cockroaches
  2 goblins
  2 hobgoblins (D:2)
  3 jackals (D:2)
  2 kobolds (D:1)
  3 quokkas
  7 ball pythons
  10 bats
  3 frilled lizards
  3 rats
65 creatures vanquished.

Notes
Turn   | Place    | Note
-------+----------+-------------------------------------------
     0 | D:1      | GorkyZ the Troll Artificer began the quest for the Orb.
     0 | D:1      | Reached XP level 1. HP: 18/18 MP: 0/0
   112 | D:1      | Reached skill level 1 in Fighting
   163 | D:1      | Reached XP level 2. HP: 27/27 MP: 1/1
   603 | D:2      | Reached XP level 3. HP: 15/33 MP: 2/2
   774 | D:2      | Found Nithrira's Weapon Boutique.
  1394 | D:2      | Reached XP level 4. HP: 36/41 MP: 3/3
  1416 | D:2      | HP: 2/41 [orc/+0 short sword (2)]
  1529 | D:3      | Reached skill level 1 in Maces & Flails
  1926 | D:3      | Found a basalt altar of Yredelemnul.
  1927 | D:3      | Found a stormy altar of Qazlal.
  1927 | D:3      | Found a hide-covered altar of Uskayaw.
  1959 | D:3      | Noticed Natasha
  1967 | D:3      | Killed Natasha
  1968 | D:3      | Reached XP level 5. HP: 49/49 MP: 4/4
  2173 | D:4      | HP: 1/49 [dart slug (2)]
  2173 | D:4      | Slain by a quokka

Illustrated notes

Levels and vault maps discovered:
D:1:      zelgadis_glass_arrival_small, layout_basic
D:2:      layout_loops_cross, serial_shops, shop, grunt_ministairs_14
D:3:      layout_loops_ring, chequers_temple_overflow_statue_of_worship,
          serial_park_tiny_2, grunt_ministairs_9, uniq_natasha
D:4:      layout_cave_pools, mainiacjoe_overflow_small_starburst,
          mainiacjoe_overflow_alcove_1, minmay_misc_feat_four_crosses,
          kennysheep_small_square

Skill      XL: |  1  2  3  4  5 |
---------------+----------------+-----
Dodging        | 2 |  2.7
Fighting       | 1 2 |  2.0
Maces & Flails | 1 |  1.3
Throwing       | |  0.9
Stealth        | |  0.8
Evocations     | |  2.9

Action                   |  1- 3 |  4- 6 || total
-------------------------+-------+-------++-------
Melee: Club              |    96 |       ||    96
       Flail             |    73 |    84 ||   157
       Punch             |     1 |       ||     1
 Stab: Sleeping          |     6 |     4 ||    10
Armor: Robe              |    93 |    33 ||   126
Dodge: Dodged            |   115 |    41 ||   156
Block: Other             |    25 |    33 ||    58
